[Event "Titled Tuesday Blitz October 12 2021"]
[White "Sviridov, Valery"]
[Black "Ghimpu, Samuel-Timotei"]
[WhiteFideId "4120680"]
[BlackFideId "1238175"]
[WhiteElo "2454"]
[BlackElo "2012"]
[Result "1-0"]
[Round "10"]
[TimeControl "180+1"]
[Date "2021.10.12"]
[WhiteClock "0:01:01"]
[BlackClock "0:00:45"]

1. d4 Nf6 2. Nf3 g6 3. c4 Bg7 4. g3 O-O 5. Bg2 c6 6. O-O d5 7. cxd5 cxd5 8. Nc3 Ne4 9. Ng5 Nc6 10. Ngxe4 dxe4 11. d5 Nb4 12. Bxe4 Bf5 13. Bg2 Qd7 14. e4 Bh3 15. a3 Na6 16. Be3 Bxg2 17. Kxg2 Rac8 18. Rc1 Nc5 19. b4 Na6 20. Bd4 Rc4 21. Bxg7 Kxg7 22. Qd3 Rfc8 23. Ne2 Qc7 24. Qe3 Qb6 25. Qd3 Qc7 26. h4 Nb8 27. Rxc4 Qxc4 28. Qxc4 Rxc4 29. Kf3 Nd7 30. Rc1 Ne5+ 31. Ke3 Ng4+ 32. Kf3 Ne5+ 33. Ke3 Ng4+ 34. Kf4 Rxc1 35. Nxc1 Nxf2 36. Nb3 Nd3+ 37. Ke3 Ne5 38. Na5 b6 39. Nc6 Nc4+ 40. Kd3 Nxa3 41. Nxa7 Kf6 42. Nc8 Nb5 43. Nxb6 e5 44. Nc8 1-0


[Site "https://www.chess.com"]

[Event "Titled Tuesday Blitz October 12 2021"]
[White "Sydoryka, Vladyslav"]
[Black "Gasanov, Eldar"]
[WhiteFideId "14145928"]
[BlackFideId "14104466"]
[WhiteElo "2282"]
[BlackElo "2454"]
[Result "1-0"]
[Round "10"]
[TimeControl "180+1"]
[Date "2021.10.12"]
[WhiteClock "0:00:05"]
[BlackClock "0:00:01"]

1. c4 e5 2. g3 Nc6 3. Bg2 g6 4. Nc3 Bg7 5. Nf3 Nge7 6. O-O O-O 7. d3 d6 8. Rb1 a6 9. a3 Rb8 10. b4 b5 11. Nd2 Be6 12. Nd5 f5 13. e3 Bf7 14. Qc2 Nxd5 15. cxd5 Ne7 16. e4 f4 17. d4 fxg3 18. hxg3 exd4 19. Bb2 c6 20. Nb3 cxd5 21. Bxd4 dxe4 22. Bxg7 Kxg7 23. Qxe4 Bxb3 24. Rxb3 Nf5 25. Rd1 Qb6 26. Rbd3 Rf7 27. R1d2 Rbf8 28. Qe2 Re7 29. Qd1 h5 30. Bh3 Re6 31. Rd5 Ref6 32. Bxf5 Rxf5 33. Rxd6 Qb8 34. Rd7+ R5f7 35. Qa1+ Kh7 36. Qb1 Qe8 37. Qd1 Kh6 38. Rxf7 Qxf7 39. Qc1 Kh7 40. Qc6 Qf6 41. Rd7+ Kh6 42. Qc1+ g5 43. Qd2 Re8 44. Rc7 Re6 45. Qd7 Qg6 46. Rc8 Qf6 47. Rc7 Qg6 48. Qd8 Qf6 49. Qg8 Re1+ 50. Kg2 h4 51. Rh7# 1-0


[Site "https://www.chess.com"]

[Event "Titled Tuesday Blitz October 12 2021"]
[White "Tanenbaum, Zachary"]
[Black "Budrewicz, Krzysztof"]
[WhiteFideId "2060850"]
[BlackFideId "1127950"]
[WhiteElo "2165"]
[BlackElo "2242"]
[Result "1-0"]
[Round "10"]
[TimeControl "180+1"]
[Date "2021.10.12"]
[WhiteClock "0:00:05"]
[BlackClock "0:00:30"]

1. e4 g6 2. d4 Bg7 3. Nc3 d6 4. Bg5 h6 5. Bh4 Nf6 6. Qd2 g5 7. Bg3 Nh5 8. O-O-O c6 9. Nf3 b5 10. e5 d5 11. Bd3 Be6 12. h4 g4 13. Nh2 Nxg3 14. fxg3 h5 15. Ne2 Bh6 16. Nf4 Nd7 17. Kb1 Nb6 18. Qc3 Qc7 19. Nxe6 fxe6 20. Bg6+ Kd7 21. Bxh5 Nc4 22. Bxg4 b4 23. Qd3 Rab8 24. Qg6 Qa5 25. Qxe6+ Kc7 26. Qxe7+ Kb6 27. Qc5+ Qxc5 28. dxc5+ Kxc5 29. Rde1 Rbe8 30. e6 Nd2+ 31. Ka1 Ne4 32. Nf3 Kd6 33. Nd4 Kc5 34. Nb3+ Kb6 35. Rhf1 Nxg3 36. Rf7 Ne4 37. e7 Nd6 38. Rf6 Ne4 39. Re6 Bg7 40. Kb1 Rxh4 41. Bf5 Ng3 42. Bg6 Rxe7 43. Rxe7 Bf6 44. R7e6 Bg7 45. Be8 Ne4 46. Rxc6+ Kb7 47. Na5+ Kb8 48. Bd7 a6 49. Rxa6 Rh2 50. Bc6 Rh5 51. Ra8+ Kc7 52. Ra7+ Kb6 53. Rxg7 Kxa5 54. Rd7 Nf6 55. Rd6 Rf5 56. g4 Rf2 57. Bxd5 Nxg4 58. Bb3 Ne3 59. a3 bxa3 60. Rxe3 1-0


[Site "https://www.chess.com"]

[Event "Titled Tuesday Blitz October 12 2021"]
[White "Tregubov, Pavel V."]
[Black "Assaubayeva, Bibisara"]
[WhiteFideId "4115341"]
[BlackFideId "13708694"]
[WhiteElo "2423"]
[BlackElo "2232"]
[Result "1-0"]
[Round "10"]
[TimeControl "180+1"]
[Date "2021.10.12"]
[WhiteClock "0:00:36"]
[BlackClock "0:00:03"]

1. e4 c5 2. Nf3 d6 3. Bb5+ Nd7 4. Ba4 Nf6 5. O-O e6 6. Re1 Be7 7. c3 O-O 8. d4 cxd4 9. cxd4 d5 10. e5 Ne4 11. Bc2 f5 12. exf6 Ndxf6 13. Ne5 Bb4 14. Re2 Ba5 15. f3 Nd6 16. Bg5 Bb6 17. Nc3 Nf5 18. Bxf5 exf5 19. Na4 Bc7 20. Qb3 b6 21. Rc1 Ba6 22. Ree1 Kh8 23. Qc2 Rc8 24. Qxf5 Qe8 25. Nc3 Qh5 26. h4 Rce8 27. g4 Bc8 28. Qf4 Nxg4 29. fxg4 Rxf4 30. gxh5 Rff8 31. Nxd5 Bd6 32. Nf7+ 1-0


[Site "https://www.chess.com"]

[Event "Titled Tuesday Blitz October 12 2021"]
[White "Tristan, Leonardo"]
[Black "Gracia Alvarez, Gerardo Antonio"]
[WhiteFideId "113816"]
[BlackFideId "5109124"]
[WhiteElo "2404"]
[BlackElo "2148"]
[Result "0-1"]
[Round "10"]
[TimeControl "180+1"]
[Date "2021.10.12"]
[WhiteClock "0:00:12"]
[BlackClock "0:00:05"]

1. d4 Nf6 2. Nf3 g6 3. Bf4 Bg7 4. e3 d6 5. Be2 c5 6. O-O Nh5 7. Bg5 h6 8. Bh4 cxd4 9. exd4 g5 10. Ne1 gxh4 11. Bxh5 h3 12. gxh3 Nc6 13. c3 Bf5 14. Nd2 Qd7 15. Bg4 O-O-O 16. Bxf5 Qxf5 17. Qg4 Qd7 18. Qxd7+ Kxd7 19. f4 b5 20. Nd3 Rb8 21. a3 a5 22. Kf2 Rhc8 23. Rg1 Bh8 24. Ke3 b4 25. axb4 axb4 26. d5 bxc3 27. dxc6+ Rxc6 28. Ra7+ Ke6 29. bxc3 Bxc3 30. Ne4 Rb3 31. f5+ Kd5 32. Rd1 Bd4+ 33. Kf3 Bxa7 34. f6 exf6 35. Nxf6+ Ke6 36. Ne4 d5 37. Ng3 Rcc3 38. Ke2 Rc2+ 39. Kf3 Rxh2 40. Kg4 Rc2 41. Nf4+ Kf6 42. Ngh5+ Ke5 43. Rxd5+ Ke4 44. Nf6+ Ke3 45. Re5+ Kf2 46. Ne4+ Kg1 47. Ra5 Bb8 48. Ra1+ Kh2 49. Nd5 Rc4 50. Kf5 Rf3+ 51. Kg4 Rb3 52. Ra2+ Kg1 53. Ra1+ Kg2 54. Ra2+ Kf1 55. Ra1+ Ke2 56. Kf5 Rf3+ 57. Kg4 Rxe4+ 58. Kh5 Rf5+ 59. Kxh6 Rxd5 60. Ra2+ Rd2 61. Ra4 Rxa4 62. Kg7 Rh4 63. Kf8 Rxh3 64. Kg7 Rg3+ 65. Kf6 Rf3+ 66. Ke7 f5 67. Kf8 f4 68. Kf7 Rd6 69. Ke7 Rc3 70. Kf7 Rc7+ 71. Ke8 Rh6 72. Kd8 Rg7 73. Ke8 Rh8# 0-1


[Site "https://www.chess.com"]

[Event "Titled Tuesday Blitz October 12 2021"]
[White "Viani Antonio Dcunha"]
[Black "Urazayev, Arystanbek"]
[WhiteFideId "5027330"]
[BlackFideId "13709810"]
[WhiteElo "2366"]
[BlackElo "2321"]
[Result "1-0"]
[Round "10"]
[TimeControl "180+1"]
[Date "2021.10.12"]
[WhiteClock "0:00:05"]
[BlackClock "0:00:02"]

1. e4 c5 2. Nf3 e6 3. d4 cxd4 4. Nxd4 Nf6 5. Nc3 Nc6 6. Nxc6 bxc6 7. e5 Nd5 8. Ne4 Qc7 9. f4 Rb8 10. a3 Qb6 11. c4 Ne3 12. Qd3 Nf5 13. b4 c5 14. b5 h5 15. a4 a5 16. g3 Bb7 17. Bg2 h4 18. Bb2 Rd8 19. O-O-O Be7 20. g4 h3 21. Bxh3 d5 22. gxf5 dxe4 23. Qg3 exf5 24. Bxf5 g6 25. e6 Rg8 26. Rxd8+ Bxd8 27. Re1 Kf8 28. exf7 Kxf7 29. Bxe4 Bxe4 30. Rxe4 Re8 31. Qd3 Rxe4 32. Qxe4 Bf6 33. Qd5+ Kf8 34. Bxf6 Qxf6 35. Qxc5+ Kg8 36. Qe5 Qh4 37. b6 Qxh2 38. Qd5+ Kg7 39. b7 Qxf4+ 40. Kc2 Qf2+ 41. Kc3 Qe3+ 42. Qd3 Qb6 43. Qd4+ 1-0


[Site "https://www.chess.com"]

[Event "Titled Tuesday Blitz October 12 2021"]
[White "Warmerdam, Max"]
[Black "Terry, Renato"]
[WhiteFideId "1048104"]
[BlackFideId "3803457"]
[WhiteElo "2537"]
[BlackElo "2577"]
[Result "1-0"]
[Round "10"]
[TimeControl "180+1"]
[Date "2021.10.12"]
[WhiteClock "0:00:38"]
[BlackClock "0:00:01"]

1. e4 e6 2. d4 d5 3. Nc3 Nf6 4. Bg5 Bb4 5. e5 h6 6. Bf4 Ne4 7. Ne2 c5 8. a3 Bxc3+ 9. Nxc3 cxd4 10. Qxd4 Nc6 11. Bb5 Bd7 12. Bxc6 Bxc6 13. Ne2 Qa5+ 14. c3 Bb5 15. Qb4 Qa6 16. Nd4 Bd7 17. f3 Ng5 18. h4 Nh7 19. O-O-O Rc8 20. Rhe1 Rc4 21. Qd6 Qxd6 22. exd6 O-O 23. g4 Rfc8 24. g5 hxg5 25. hxg5 Nf8 26. Bg3 b5 27. Kb1 a5 28. Nc2 Ng6 29. Ne3 R4c6 30. Rh1 Rb6 31. Nc2 Rc4 32. Rh2 Rc8 33. Rdh1 Rcc6 34. Rh7 Rxd6 35. Be5 f6 36. gxf6 gxf6 37. Bxd6 Rxd6 38. R1h6 Be8 39. Nd4 Bf7 40. b4 axb4 41. axb4 Rb6 42. Kc2 Kf8 43. Kd2 Bg8 44. Ra7 Bf7 45. Rh7 Ne5 46. f4 Nc4+ 47. Ke1 Nd6 48. f5 exf5 49. Kf2 Kg8 50. Rh3 Rb8 51. Kf3 Re8 52. Rd7 Ne4 53. Kf4 Ng5 54. Rh6 Kg7 55. Nxf5+ Kg8 56. Rxf6 Ne6+ 57. Kg3 Bh5 58. Kh4 Bd1 59. Nh6+ Kh8 60. Nf7+ Kg8 61. Rf1 Be2 62. Rg1+ Kf8 63. Nh6 Re7 64. Rg8# 1-0


[Site "https://www.chess.com"]

[Event "Titled Tuesday Blitz October 12 2021"]
[White "Yeletsky, Ivan"]
[Black "Rozman, Levy"]
[WhiteFideId "24180327"]
[BlackFideId "2039877"]
[WhiteElo "2352"]
[BlackElo "2376"]
[Result "1/2-1/2"]
[Round "10"]
[TimeControl "180+1"]
[Date "2021.10.12"]
[WhiteClock "0:00:05"]
[BlackClock "0:00:16"]

1. e4 c6 2. d3 d5 3. Bf4 g6 4. c3 Bg7 5. Nf3 Bg4 6. Be2 Nf6 7. Nbd2 O-O 8. h3 Bxf3 9. Bxf3 Nbd7 10. O-O e6 11. Qe2 a5 12. Rfe1 a4 13. a3 Qb6 14. Rab1 Qa6 15. d4 Qxe2 16. Rxe2 dxe4 17. Nxe4 Nxe4 18. Rxe4 Nf6 19. Re2 Nd5 20. Bd2 b5 21. Rbe1 Rfd8 22. h4 h5 23. g3 Rac8 24. Bg5 Rd7 25. Kg2 Kh7 26. Rh1 Bh6 27. Rhe1 Bxg5 28. hxg5 Kg7 29. Rc2 c5 30. dxc5 Rxc5 31. Rd1 Nb6 32. Rxd7 Nxd7 33. Rd2 Ne5 34. Be2 Kf8 35. Rd8+ Ke7 36. Rb8 Nc4 37. Rb7+ Kd6 38. Bxc4 bxc4 39. Rxf7 Rxg5 40. Ra7 Rb5 41. Rxa4 Rxb2 42. Rxc4 Ra2 43. a4 Ra3 44. Kf3 Kd5 45. Rd4+ Ke5 46. Re4+ Kd5 47. Rb4 Rxc3+ 48. Kf4 e5+ 49. Kg5 Rf3 50. Rb2 Ra3 51. Kxg6 Rxa4 52. Kxh5 Ke4 53. Kg5 Kf3 54. Kf5 e4 55. Rd2 Ra5+ 56. Ke6 e3 57. fxe3 Kxe3 58. Rd8 Rg5 59. Kf6 Rxg3 60. Re8+ Kf2 61. Re5 Rf3+ 62. Rf5 Rxf5+ 63. Kxf5 1/2-1/2


[Site "https://www.chess.com"]

[Event "Titled Tuesday Blitz October 12 2021"]
[White "Yoo, Christopher Woojin"]
[Black "Tologon tegin, Semetei"]
[WhiteFideId "30909694"]
[BlackFideId "13800574"]
[WhiteElo "2105"]
[BlackElo "2224"]
[Result "1-0"]
[Round "10"]
[TimeControl "180+1"]
[Date "2021.10.12"]
[WhiteClock "0:01:56"]
[BlackClock "0:00:32"]

1. e4 c5 2. Nf3 d6 3. d4 cxd4 4. Nxd4 Nf6 5. Nc3 g6 6. Bg5 Bg7 7. Bb5+ Bd7 8. Qe2 O-O 9. O-O-O a6 10. Bxd7 Nbxd7 11. f4 Qa5 12. Nb3 Qc7 13. Rhe1 e5 14. f5 h6 15. Bh4 b5 16. Rd3 Rac8 17. Red1 b4 18. Nd5 Nxd5 19. Rxd5 g5 20. Rxd6 Nc5 21. Bf2 Nxb3+ 22. axb3 a5 23. Rd7 Qb8 24. R1d6 Rfd8 25. Qd3 Rxd7 26. Rxd7 Qa8 27. Qd5 Qxd5 28. Rxd5 Ra8 29. Bb6 a4 30. bxa4 Rxa4 31. Ra5 Rxa5 32. Bxa5 Bf8 33. Kd2 h5 34. Kd3 h4 35. h3 Kh7 36. Kc4 Kh6 37. Bxb4 Bg7 38. Bc5 Kh5 39. b4 g4 40. b5 gxh3 41. gxh3 Kg5 42. b6 1-0


[Site "https://www.chess.com"]

[Event "Titled Tuesday Blitz October 12 2021"]
[White "Zaitsev, Alexander"]
[Black "Begmuratov, Khumoyun"]
[WhiteFideId "4164490"]
[BlackFideId "14210207"]
[WhiteElo "2317"]
[BlackElo "1948"]
[Result "1-0"]
[Round "10"]
[TimeControl "180+1"]
[Date "2021.10.12"]
[WhiteClock "0:00:09"]
[BlackClock "0:00:16"]

1. e4 e5 2. Nc3 Nc6 3. Bc4 Nf6 4. d3 g6 5. f4 Bg7 6. Nf3 d6 7. fxe5 Nxe5 8. Nxe5 dxe5 9. O-O O-O 10. Bg5 h6 11. Bxf6 Bxf6 12. Qf3 Kg7 13. Nd5 Bg5 14. Qg3 c6 15. Nc3 Qb6+ 16. Kh1 Bf4 17. Rxf4 exf4 18. Qxf4 f6 19. Rf1 Qxb2 20. Qd6 Bg4 21. e5 Qxc3 22. Qe7+ Kh8 23. exf6 Rxf6 24. Qxf6+ Qxf6 25. Rxf6 Kg7 26. Rf4 Re8 27. h3 Be6 28. Bxe6 Rxe6 29. Rd4 Re7 30. Kg1 Kf6 31. Kf2 g5 32. h4 Kf5 33. hxg5 hxg5 34. g4+ Kf6 35. Kf3 Rh7 36. Rd6+ Ke5 37. Rg6 Rh2 38. Rxg5+ Kf6 39. Rf5+ Kg6 40. Rc5 Rh1 41. a4 Ra1 42. a5 a6 43. Kf4 Ra4+ 44. Kf3 Kf6 45. g5+ Kg6 46. c3 Rh4 47. d4 Rh8 48. Ke4 Re8+ 49. Re5 Rf8 50. Kd3 Rf1 51. Kc4 Rb1 52. Kc5 Rb3 53. c4 Rb2 54. Kd6 Rb4 55. Rc5 Rb2 56. Kc7 Kf7 57. d5 cxd5 58. cxd5 Rd2 59. d6 Ke6 60. Rc1 Rd5 61. Re1+ Kf7 62. d7 Rc5+ 63. Kb8 Rd5 64. Kc7 Rc5+ 65. Kxb7 Rd5 66. Kc6 Rd2 67. Re8 Rc2+ 68. Kb6 Rb2+ 69. Kxa6 Rc2 70. d8=Q Rc6+ 71. Qb6 Rxb6+ 72. axb6 Kxe8 73. b7 Kd7 74. b8=Q Ke6 75. Qf8 Kd5 76. Qf6 Ke4 77. g6 Kd5 78. g7 Kc4 79. g8=Q+ Kd3 80. Qg4 Kc2 81. Qff3 1-0


[Site "https://www.chess.com"]

[Event "Titled Tuesday Blitz October 12 2021"]
[White "Zarnicki, Pablo"]
[Black "Gurevich, Dmitry"]
[WhiteFideId "100137"]
[BlackFideId "2000407"]
[WhiteElo "2467"]
[BlackElo "2506"]
[Result "1/2-1/2"]
[Round "10"]
[TimeControl "180+1"]
[Date "2021.10.12"]
[WhiteClock "0:00:19"]
[BlackClock "0:00:30"]

1. e4 c5 2. Nf3 d6 3. Bb5+ Bd7 4. Bxd7+ Qxd7 5. c4 Nc6 6. Nc3 Nf6 7. d4 cxd4 8. Nxd4 e6 9. O-O Be7 10. Nde2 O-O 11. b3 Rac8 12. Bb2 Rfd8 13. f4 b6 14. Kh1 Qb7 15. Qd3 a6 16. a4 Nb4 17. Qf3 d5 18. exd5 exd5 19. Nd4 Qd7 20. Rad1 Qg4 21. Qxg4 Nxg4 22. Nf5 Bf6 23. h3 g6 24. hxg4 gxf5 25. g5 Bg7 26. Rf3 dxc4 27. Rxd8+ Rxd8 28. bxc4 Rd2 29. Ba1 Rc2 30. Kh2 f6 31. Nd5 Nxd5 32. cxd5 fxg5 33. Bxg7 Kxg7 34. fxg5 Kg6 35. Rd3 Rc7 36. d6 Rd7 37. Kg3 Kxg5 38. Rd5 b5 39. axb5 axb5 40. Kf3 b4 41. g4 Kf6 42. Rxf5+ Ke6 43. Rb5 Rxd6 44. Rxb4 Kf6 45. Kf4 Kg6 46. Re4 Rf6+ 47. Kg3 Rd6 48. Kh4 h6 49. Re5 Rc6 50. Rd5 Re6 51. Rd4 Rc6 52. Kg3 Rf6 53. Re4 Rd6 54. Re3 Rf6 55. Rb3 Rd6 56. Rb8 Rf6 57. Rg8+ Kf7 58. Rh8 Kg7 59. Rd8 Kg6 60. Kh4 Rf1 61. Rd6+ Kg7 62. Kg3 Rg1+ 63. Kf4 Rf1+ 64. Ke4 Re1+ 65. Kf5 Rf1+ 66. Ke5 Re1+ 67. Kf4 Rf1+ 68. Kg3 Rg1+ 69. Kf3 Rf1+ 70. Kg2 Rf6 71. Rxf6 Kxf6 72. Kg3 Kg5 73. Kh3 Kg6 74. Kh4 Kf6 75. Kh5 Kg7 76. g5 hxg5 77. Kxg5 1/2-1/2


[Site "https://www.chess.com"]

[Event "Titled Tuesday Blitz October 12 2021"]
[White "Abdyzhapar, Asylbek"]
[Black "Tregubov, Pavel V."]
[WhiteFideId "13800337"]
[BlackFideId "4115341"]
[WhiteElo "2383"]
[BlackElo "2423"]
[Result "1/2-1/2"]
[Round "11"]
[TimeControl "180+1"]
[Date "2021.10.12"]
[WhiteClock "0:00:16"]
[BlackClock "0:00:14"]

1. c4 c5 2. g3 Nf6 3. Bg2 d5 4. cxd5 Nxd5 5. Nf3 Nc6 6. O-O e5 7. Nc3 Nc7 8. d3 Be7 9. Nd2 O-O 10. f4 exf4 11. gxf4 Ne6 12. Nde4 Ned4 13. e3 Nf5 14. Nd5 Be6 15. Nxe7+ Qxe7 16. Qc2 Nb4 17. Qxc5 Nxd3 18. Qxe7 Nxe7 19. Ng5 Bd5 20. e4 Bc6 21. Bd2 h6 22. Nh3 Nxb2 23. f5 Rfe8 24. f6 Ng6 25. fxg7 Bxe4 26. Bxh6 Bxg2 27. Kxg2 Nd3 28. Rf5 Re2+ 29. Kh1 Rae8 30. Raf1 R8e7 31. Ng5 Nde5 32. Rc1 Re8 33. Rcf1 Ng4 34. Nxf7 Rxh2+ 35. Kg1 Rxh6 36. Rg5 Kxg7 37. Rxg4 Rh4 38. Rg3 Rf8 39. Ne5 Rxf1+ 40. Kxf1 Rf4+ 41. Kg1 Rf6 42. Nd3 Rc6 43. Nb4 Rd6 44. Ra3 a6 45. Rb3 Nf4 46. Kf2 Kf6 47. Ke3 Ke5 48. Nc2 b5 49. Ne1 Nd5+ 50. Ke2 Nb6 51. Nf3+ Kd5 52. Rd3+ Kc5 53. Rxd6 Kxd6 54. Kd3 Kc5 55. Kc2 Kb4 56. Nd4 Ka3 57. Kb1 Nd5 58. Nc2+ Ka4 59. Kb2 a5 60. a3 Nb6 61. Kb1 Nc4 62. Ka2 Nd2 63. Nd4 Nc4 64. Nc2 b4 65. axb4 axb4 66. Nxb4 1/2-1/2


[Site "https://www.chess.com"]

[Event "Titled Tuesday Blitz October 12 2021"]
[White "Avila Pavas, Santiago"]
[Black "Yeletsky, Ivan"]
[WhiteFideId "4437128"]
[BlackFideId "24180327"]
[WhiteElo "2292"]
[BlackElo "2352"]
[Result "0-1"]
[Round "11"]
[TimeControl "180+1"]
[Date "2021.10.12"]
[WhiteClock "0:00:56"]
[BlackClock "0:01:23"]

1. d4 d5 2. Bf4 Nf6 3. e3 g6 4. Nf3 Bg7 5. Nbd2 c5 6. c3 Nc6 7. Be2 O-O 8. O-O Nd7 9. e4 dxe4 10. Nxe4 cxd4 11. cxd4 Nb6 12. Rc1 Nxd4 13. Nxd4 Qxd4 14. Qxd4 Bxd4 15. Rc7 Nd5 16. Bg3 Nxc7 17. Bxc7 Bf5 18. Ng3 Be6 19. Rd1 Rac8 20. Bf4 Bxb2 21. Rb1 Bd4 22. Rxb7 Bxa2 23. Rxa7 Bc4 24. Rxe7 Bxe2 25. Nxe2 Bc5 26. Re4 Rfd8 27. g3 Ra8 28. Be3 Re8 29. Rxe8+ Rxe8 30. Bxc5 Rxe2 31. Kf1 Rc2 32. Bd4 Kf8 33. Kg2 Ke7 34. Kf3 Ke6 35. h3 Kd5 36. Be3 Rc3 37. Kf4 f6 38. h4 h5 39. Bd2 Rc4+ 40. Kf3 Ke5 41. Be3 Rc3 42. Ke2 Ke4 43. f3+ Kf5 44. Bd2 Rb3 45. Be3 Ra3 46. Bd2 Ra2 47. Ke3 g5 48. hxg5 fxg5 49. Be1 Rh2 50. Bf2 Rh1 51. Ke2 Ra1 52. Be1 Ra2+ 53. Ke3 Ra3+ 54. Ke2 g4 55. fxg4+ hxg4 56. Kf2 Ke4 57. Bd2 Ra2 58. Ke2 Rb2 59. Ke1 Kf3 60. Bf4 Rb1+ 61. Kd2 Rg1 0-1


[Site "https://www.chess.com"]

[Event "Titled Tuesday Blitz October 12 2021"]
[White "Begmuratov, Khumoyun"]
[Black "Kim, Sergey"]
[WhiteFideId "14210207"]
[BlackFideId "13700570"]
[WhiteElo "1948"]
[BlackElo "2529"]
[Result "1-0"]
[Round "11"]
[TimeControl "180+1"]
[Date "2021.10.12"]
[WhiteClock "0:00:07"]
[BlackClock "0:00:01"]

1. Nf3 Nf6 2. b3 g6 3. Bb2 Bg7 4. g3 d6 5. Bg2 O-O 6. O-O e5 7. d3 c5 8. Nbd2 Nc6 9. e4 h6 10. a4 Be6 11. Nc4 Qd7 12. Ne3 Bh3 13. Nd2 Bxg2 14. Kxg2 b6 15. Ndc4 Nd4 16. h3 Rae8 17. Nd2 d5 18. c3 Nc6 19. Qf3 d4 20. Nd5 Nxd5 21. exd5 Ne7 22. c4 f5 23. a5 Nc8 24. axb6 axb6 25. Qe2 Nd6 26. f3 h5 27. Ra6 Qc7 28. Rfa1 Nc8 29. Ra8 Bh6 30. Bc1 Be3 31. Nf1 f4 32. Bxe3 dxe3 33. g4 Qe7 34. Kg1 Qh4 35. Qg2 Kh8 36. R1a2 Nd6 37. Rxe8 Rxe8 38. Ra6 Rb8 39. Ra7 hxg4 40. hxg4 Kg8 41. Rd7 Nf7 42. Ra7 Ng5 43. Qe2 Nh3+ 44. Kg2 Nf2 45. Nxe3 fxe3 46. Qxe3 Nh3 47. Qxe5 Qf2+ 48. Kxh3 Qxf3+ 49. Kh4 Qf2+ 50. Kg5 1-0


[Site "https://www.chess.com"]

[Event "Titled Tuesday Blitz October 12 2021"]
[White "Erdogdu, Mert"]
[Black "Kislov, Oleg"]
[WhiteFideId "6301495"]
[BlackFideId "13503774"]
[WhiteElo "2485"]
[BlackElo "2252"]
[Result "1-0"]
[Round "11"]
[TimeControl "180+1"]
[Date "2021.10.12"]
[WhiteClock "0:00:08"]
[BlackClock "0:00:02"]

1. e4 e6 2. d4 d5 3. exd5 exd5 4. c4 Nf6 5. Nc3 Bb4 6. Bd3 O-O 7. Ne2 dxc4 8. Bxc4 Nbd7 9. O-O Nb6 10. Bb3 Nbd5 11. Bg5 Be7 12. Qd3 c6 13. Rad1 Bg4 14. Rfe1 Bh5 15. Qh3 Bg6 16. Ng3 h6 17. Bc1 Bb4 18. Bd2 Qa5 19. Re5 Rfe8 20. Rde1 Rxe5 21. dxe5 Bxc3 22. bxc3 Ne8 23. f4 Qc5+ 24. Kh1 Bd3 25. Qg4 Qf2 26. Qd1 Rd8 27. Nh5 Bg6 28. Ng3 Nxf4 29. Rg1 Rxd2 30. Qg4 Kh7 31. h4 Nxg2 32. h5 Nf4 33. hxg6+ Nxg6 34. Nf1 Nxe5 35. Qe4+ Ng6 36. Qg4 Nf6 37. Qh3 Rd6 38. Bxf7 Nf4 39. Qg3 g5 40. Qxf2 Nh3 41. Qc2+ Kg7 42. Qf5 Nxg1 43. Qg6+ Kf8 44. Kxg1 Ke7 45. Bg8 Nxg8 46. Qg7+ Ke6 47. Qxg8+ Ke5 48. Qb8 Kd5 49. Qxb7 Kc5 50. Qb4+ Kd5 51. Qd4+ Ke6 52. Qe4+ Kd7 53. Ne3 Re6 54. Qd4+ Rd6 55. Qxa7+ Ke6 56. Nc4 Rd1+ 57. Kf2 Kf5 58. Ne3+ 1-0


[Site "https://www.chess.com"]

[Event "Titled Tuesday Blitz October 12 2021"]
[White "Erdogmus, Yagiz Kaan"]
[Black "Molina, Roberto Junio Brito"]
[WhiteFideId "44599790"]
[BlackFideId "2109450"]
[WhiteElo "1783"]
[BlackElo "2402"]
[Result "0-1"]
[Round "11"]
[TimeControl "180+1"]
[Date "2021.10.12"]
[WhiteClock "0:00:03"]
[BlackClock "0:00:45"]

1. e4 c6 2. Nc3 d5 3. Nf3 dxe4 4. Nxe4 Bg4 5. Bc4 e6 6. h3 Bxf3 7. Qxf3 Nd7 8. d4 Ndf6 9. c3 Nxe4 10. Qxe4 Nf6 11. Qf3 Be7 12. O-O O-O 13. Re1 Re8 14. g3 Nd5 15. Bd3 g6 16. h4 h5 17. Bh6 Bf8 18. Bg5 Be7 19. Bxg6 fxg6 20. Rxe6 Kg7 21. Rae1 Qd7 22. Bh6+ Kxh6 23. Qf7 Rg8 24. Rxe7 Nxe7 25. Rxe7 Qxe7 26. Qxe7 Rg7 27. Qg5+ Kh7 28. Kg2 Rf8 29. Qe3 Rgf7 30. f3 Rf6 31. g4 hxg4 32. fxg4 Rf4 33. Qe2 R8f7 34. a4 a6 35. a5 Kg7 36. Kg3 Rf1 37. h5 gxh5 38. Qe5+ Kf8 39. gxh5 Rg1+ 40. Kh2 Rb1 41. h6 Rxb2+ 42. Kg3 Rb1 43. Qd6+ Ke8 44. h7 Rg7+ 45. Kf2 Rb2+ 46. Ke3 Rxh7 47. Qg6+ Rf7 48. Kd3 Rf2 49. c4 Kd7 50. Qg4+ Kc7 51. Qg3+ Kc8 52. c5 R2f3+ 53. Kc4 Rxg3 54. d5 Rf4# 0-1


[Site "https://www.chess.com"]

[Event "Titled Tuesday Blitz October 12 2021"]
[White "Ghimpu, Samuel-Timotei"]
[Black "Zaitsev, Alexander"]
[WhiteFideId "1238175"]
[BlackFideId "4164490"]
[WhiteElo "2012"]
[BlackElo "2317"]
[Result "0-1"]
[Round "11"]
[TimeControl "180+1"]
[Date "2021.10.12"]
[WhiteClock "0:00:08"]
[BlackClock "0:00:13"]

1. b3 Nf6 2. Bb2 d5 3. e3 Bf5 4. c4 e6 5. Nf3 c6 6. Be2 h6 7. O-O Nbd7 8. d4 Bd6 9. Nc3 O-O 10. h3 Qb8 11. a4 a5 12. Re1 Rd8 13. cxd5 exd5 14. Bd3 Bxd3 15. Qxd3 Re8 16. Nd2 Bb4 17. Ba3 Qd6 18. Bxb4 Qxb4 19. e4 dxe4 20. Ncxe4 Rad8 21. Re3 Nxe4 22. Nxe4 Ne5 23. Qc3 Rxd4 24. Rae1 Nd7 25. Nf6+ Nxf6 26. Rxe8+ Nxe8 27. Rxe8+ Kh7 28. Qc2+ g6 29. g3 Qd6 30. Qc3 Qd7 31. Rb8 Qd5 32. Kh2 c5 33. h4 Qf5 34. Kg2 Qd5+ 35. Kh2 Qe5 36. Kg2 Qxb8 0-1


[Site "https://www.chess.com"]

[Event "Titled Tuesday Blitz October 12 2021"]
[White "Gracia Alvarez, Gerardo Antonio"]
[Black "Yoo, Christopher Woojin"]
[WhiteFideId "5109124"]
[BlackFideId "30909694"]
[WhiteElo "2148"]
[BlackElo "2105"]
[Result "0-1"]
[Round "11"]
[TimeControl "180+1"]
[Date "2021.10.12"]
[WhiteClock "0:01:58"]
[BlackClock "0:01:28"]

1. e4 c5 2. Nf3 e6 3. d3 Nc6 4. g3 Nf6 5. Bg2 Be7 6. O-O d6 7. Re1 O-O 8. c3 e5 9. a3 a5 10. a4 Be6 11. Nbd2 h6 12. Nf1 c4 13. d4 exd4 14. cxd4 d5 15. e5 Ne4 16. N1d2 Bf5 17. Nxe4 dxe4 18. Nd2 Qxd4 19. Nxe4 Qxd1 20. Rxd1 Nxe5 21. Bf4 Nd3 22. Be3 Nxb2 23. Rdb1 c3 24. Bd4 Bb4 25. Ra2 Rac8 26. h3 Rfd8 27. Raxb2 Rxd4 28. Re2 c2 29. Rc1 Rd1+ 0-1


[Site "https://www.chess.com"]

[Event "Titled Tuesday Blitz October 12 2021"]
[White "Gurevich, Dmitry"]
[Black "Gelman, Alexander"]
[WhiteFideId "2000407"]
[BlackFideId "4118316"]
[WhiteElo "2506"]
[BlackElo "2375"]
[Result "0-1"]
[Round "11"]
[TimeControl "180+1"]
[Date "2021.10.12"]
[WhiteClock "0:00:57"]
[BlackClock "0:00:03"]

1. d4 Nf6 2. c4 c5 3. Nf3 cxd4 4. Nxd4 b6 5. Nc3 Bb7 6. f3 d6 7. e4 Nbd7 8. Be3 a6 9. Be2 e6 10. O-O Rc8 11. Qd2 h6 12. Rfc1 g5 13. a4 Rg8 14. a5 bxa5 15. Nb3 g4 16. Nxa5 Ba8 17. Kh1 h5 18. b4 h4 19. fxg4 Nxg4 20. h3 Nxe3 21. Qxe3 Bg7 22. Ra2 Be5 23. Bf3 Qf6 24. Ne2 Ke7 25. Nb3 Bb7 26. Na5 Ba8 27. Nb3 Rb8 28. Rxa6 Rxb4 29. Ra7 Rgb8 30. Nd2 Bc6 31. c5 d5 32. exd5 exd5 33. Re1 Kf8 34. Bxd5 Bxd5 35. Rxd7 Bc6 36. Ra7 Rb2 37. Rf1 Qg6 38. Raxf7+ Kg8 39. R7f2 Rd8 40. Qxe5 Rbxd2 41. Nf4 Rxf2 42. Rxf2 Rd1+ 0-1


[Site "https://www.chess.com"]

[Event "Titled Tuesday Blitz October 12 2021"]
[White "Khademalsharieh, Sarasadat"]
[Black "Zarnicki, Pablo"]
[WhiteFideId "12512214"]
[BlackFideId "100137"]
[WhiteElo "2431"]
[BlackElo "2467"]
[Result "1-0"]
[Round "11"]
[TimeControl "180+1"]
[Date "2021.10.12"]
[WhiteClock "0:00:33"]
[BlackClock "0:00:03"]

1. d4 Nf6 2. c4 g6 3. Nf3 Bg7 4. g3 O-O 5. Bg2 d6 6. O-O c6 7. Nc3 Bf5 8. Ng5 h6 9. e4 Bg4 10. f3 Bc8 11. Nh3 e5 12. dxe5 dxe5 13. Be3 Nbd7 14. Nf2 Qe7 15. Qc2 Nc5 16. b4 Ne6 17. c5 Nd4 18. Bxd4 exd4 19. Ne2 Rd8 20. Rad1 a5 21. a3 axb4 22. axb4 Ne8 23. f4 Nc7 24. e5 Nb5 25. Qb2 f6 26. Nxd4 Nxd4 27. Rxd4 Rxd4 28. Qxd4 fxe5 29. Qe3 Bf5 30. g4 Bd7 31. Nd3 Bxg4 32. fxe5 Bf5 33. Be4 Bxe5 34. Re1 Rd8 35. Kh1 Bxe4+ 36. Qxe4 Bf6 37. Qxg6+ Qg7 38. Qf5 Kh8 39. Rg1 Qf7 40. Nf4 Re8 41. Ng6+ Kh7 42. Ne5+ Kh8 43. Nxf7# 1-0


[Site "https://www.chess.com"]